 Dungeon Crawl Stone Soup version 0.28.0 (webtiles) character file.

Game seed: 16067278569710165670

261 Strat the Covered (level 5, -4/46 HPs)
             Began as a Minotaur Artificer on Feb 4, 2022.
             Slain by Duvessa (8 damage)
             ... on level 4 of the Dungeon.
             The game lasted 00:07:52 (3794 turns).

Strat the Covered (Minotaur Artificer)              Turns: 3794, Time: 00:07:52

Health: -4/46      AC:  9    Str: 19    XL:     5   Next: 96%
Magic:  4/4        EV:  7    Int:  8    God:
Gold:   200        SH:  0    Dex: 10    Spells: 4/4 levels left

rFire   . . .      SeeInvis .   a - +0 flail
rCold   . . .      Faith    .   (no shield)
rNeg    . . .      Spirit   .   g - +0 chain mail
rPois   .          Reflect  .   (helmet restricted)
rElec   .          Harm     .   (no cloak)
rCorr   +          Rampage  .   (no gloves)
Will    .....                   (no boots)
Stlth   ..........              (no amulet)
HPRegen 0.15/turn               s - ring of resist corrosion
MPRegen 0.09/turn               (no ring)

@: no status effects
A: horns 2, retaliatory headbutt
a: no special abilities


You were on level 4 of the Dungeon.
You visited 1 branch of the dungeon, and saw 4 of its levels.

You collected 200 gold pieces.

Inventory:

Hand Weapons
 a - a +0 flail (weapon)
 b - a +0 hunting sling
 k - a +3 quarterstaff
 n - a +0 club
Missiles
 f - 227 stones
 i - 39 sling bullets
 p - 5 datura-tipped darts
Armour
 g - a +0 chain mail (worn)
 q - a +0 leather armour
Jewellery
 s - a ring of resist corrosion (left hand)
Wands
 c - a wand of flame (15) (quivered)
 d - a wand of charming (15)
 u - a wand of digging (3)
Scrolls
 h - 2 scrolls of magic mapping
 l - 2 scrolls of immolation
 t - a scroll of vulnerability {unknown}
Potions
 j - 2 potions of degeneration {unknown}
 m - 2 potions of curing {unknown}
 o - a potion of flight {unknown}
 r - a potion of cancellation {unknown}
 v - a potion of ambrosia {unknown}
 w - a potion of attraction {unknown}
Miscellaneous
 e - a piece from Xom's chessboard (15/15)


   Skills:
 - Level 3.7 Fighting
 + Level 4.3 Maces & Flails
 - Level 4.3 Armour
 - Level 1.4 Dodging
 - Level 1.0 Stealth
 - Level 2.8 Evocations


You had 4 spell levels left.
You didn't know any spells.
Your spell library contained the following spells:

 Spells                   Type           Power      Damage    Failure   Level
 Sting                    Tmut/Pois      0%         1d3       99%         1
 Poisonous Vapours        Pois/Air       0%         N/A       100%        2
 Olgreb's Toxic Radiance  Pois           0%         N/A       100%        4


Dungeon Overview and Level Annotations

Branches:
Dungeon (4/15)
 Temple: D:4-7

Altars:
Dithmenos
Wu Jian

Shops:
D:2 (   D:4 *

Annotations:
D:2 1 runed translucent door, Crazy Yiuf
D:4 Dowan, Duvessa, Robin


Innate Abilities, Weirdness & Mutations

You have a pair of horns on your head.
You reflexively headbutt those who attack you in melee.


Message History

HP restored.
Things that are here:
a +0 scale mail; a +0 dagger
There is a stone staircase leading down, spattered with blood here.
You climb downwards.
Level annotation: Robin
There is a stone staircase leading up, spattered with blood here.
Things that are here:
a +0 chain mail; a +0 short sword Dowan, Brother of Duvessa comes into view.
He is wielding a +1 dagger of venom.
t - a scroll labelled CYDYOB UCSUTRO Duvessa, Sister of Dowan comes into view.
She is wielding a +1 short sword of speed.
Duvessa shouts!
Dowan casts a spell.
Dowan blinks!
Duvessa yells, "You can run, but you cannot escape us forever!"
Dowan points at Duvessa and mumbles some strange words.
Duvessa seems to speed up.
Things that are here:
a +0 chain mail; a +0 short sword Duvessa says, "When magic and the sword combine, nothing stands against them."
Duvessa hits you but does no damage.
Duvessa hits you with a +1 short sword of speed.
Duvessa hits you with a +1 short sword of speed!
* * * LOW HITPOINT WARNING * * *
Duvessa hits you with a +1 short sword of speed!
* * * LOW HITPOINT WARNING * * *
Duvessa barely misses you.
Duvessa hits you with a +1 short sword of speed.
* * * LOW HITPOINT WARNING * * *
Duvessa hits you with a +1 short sword of speed.
* * * LOW HITPOINT WARNING * * *
Duvessa says, "My weaknesses are his strengths!"
Duvessa hits you with a +1 short sword of speed!
* * * LOW HITPOINT WARNING * * *
There is a stone staircase leading up, spattered with blood here.
Duvessa hits you with a +1 short sword of speed!
* * * LOW HITPOINT WARNING * * *
Duvessa hits you with a +1 short sword of speed!
You die...

#.# *,* #e#
*,* #[# *,*
#.# *,*****
#.# *,,,,,*
#.# *****,****
#.# *,,,,,
#.############
******
#....e.....e@#
##############


You could see Duvessa (fast) and Dowan.

Vanquished Creatures
  A scorpion (D:4)
  2 hounds
  6 adders
  3 dart slugs
  5 orcs
  4 bats
  7 endoplasms
  3 giant cockroaches
  12 goblins
  7 hobgoblins
  2 jackals (D:3)
  3 kobolds
  4 quokkas
  8 ball pythons
  4 frilled lizards
  3 rats
74 creatures vanquished.

Notes
Turn   | Place    | Note
-------+----------+-------------------------------------------
     0 | D:1      | Strat the Minotaur Artificer began the quest for the Orb.
     0 | D:1      | Reached XP level 1. HP: 16/16 MP: 0/0
    95 | D:1      | Reached skill level 1 in Stealth
   106 | D:1      | Reached XP level 2. HP: 23/23 MP: 1/1
  1072 | D:2      | Found Geunaewk's Weapon Shop.
  1102 | D:2      | Reached XP level 3. HP: 30/30 MP: 2/2
  1259 | D:2      | Found a runed translucent door.
  1260 | D:2      | Noticed Crazy Yiuf
  1493 | D:2      | Found a faded altar of an unknown god.
  1610 | D:2      | Reached skill level 1 in Maces & Flails
  1610 | D:2      | Reached XP level 4. HP: 35/40 MP: 3/3
  2209 | D:3      | Found an ornate altar of the Wu Jian Council.
  2301 | D:3      | Found a shadowy altar of Dithmenos.
  2827 | D:4      | Noticed an ogre
  2861 | D:3      | Reached XP level 5. HP: 31/46 MP: 4/4
  3471 | D:4      | Found Tiacwema's Assorted Antiques.
  3568 | D:4      | Noticed Robin
  3757 | D:4      | Noticed Dowan
  3762 | D:4      | Noticed Duvessa
  3794 | D:4      | Slain by Duvessa

Illustrated notes

Levels and vault maps discovered:
D:1:      dpeg_arrival_lava_temple_mockup, layout_rooms
D:2:      minmay_chambers_of_twos, layout_basic, serial_shops,
          nicolae_shop_bloodbath_and_beyond, hellmonk_ecumenical_altar_blasted,
          dk_noncrumbling_2, minmay_pentomino_o4, uniq_crazy_yiuf_cottage
D:3:      layout_rooms, grunt_dithmenos_smoke_and_mirrors,
          mainiacjoe_overflow_paths
D:4:      layout_basic, amcnicky_altar_gilded, minmay_stone_trees_small,
          nicolae_stop_n_shop_1, uniq_duvessa, uniq_robin

Skill      XL: |  1  2  3  4  5 |
---------------+----------------+-----
Stealth        | 1 |  1.0
Fighting       | 2 3 |  3.7
Maces & Flails | 1 2 4 |  4.3
Armour         | 3 4 |  4.3
Dodging        | |  1.4
Evocations     | |  2.8

Action                   |  1- 3 |  4- 6 || total
-------------------------+-------+-------++-------
Melee: Club              |    73 |       ||    73
       Headbutt          |    11 |     7 ||    18
       Quarterstaff      |    30 |    52 ||    82
       Flail             |       |    24 ||    24
       Punch             |       |     1 ||     1
 Fire: Hunting sling     |       |    31 ||    31
  Use: Scroll            |       |     5 ||     5
Armor: Chain mail        |    65 |    53 ||   118
Dodge: Dodged            |    52 |    26 ||    78
